 Seeded DCSS version 0.28-a0-895-g6e5f11bd55 (webtiles) character file.

Game seed: 20211118 (custom seed)

28 jessy the Skirmisher (level 2, -10/25 HPs)
             Began as a Palentonga Berserker on Nov 18, 2021.
             Was a Follower of Trog.
             Killed by divine providence
             ... invoked by an orc priest
              (14 damage)
             ... on level 3 of the Dungeon on Nov 22, 2021.
             The game lasted 00:10:29 (2021 turns).

jessy the Skirmisher (Palentonga Berserker)         Turns: 2021, Time: 00:10:32

Health: -10/25     AC:  7    Str: 20    XL:     2   Next: 96%
Magic:  2/2        EV:  5    Int:  7    God:    Trog [*.....]
Gold:   123        SH:  5    Dex:  9    Spells: 1/1 levels left

rFire   . . .      SeeInvis +   l - +0 long sword
rCold   . . .      Faith    .   (no shield)
rNeg    . . .      Spirit   .   g - +0 chain mail
rPois   .          Reflect  +   (no helmet)
rElec   .          Harm     .   (no cloak)
rCorr   .          Rampage  .   (no gloves)
Will    .....                   (no barding)
Stlth   ..........              f - amulet of reflection
HPRegen 0.08/turn               (no ring)
MPRegen 0.08/turn               (no ring)

@: no status effects
A: large, rugged brown scales 3, see invisible, deformed body, roll 1, armoured
tail
a: Rolling Charge, Renounce Religion, Berserk


You were on level 3 of the Dungeon.
You worshipped Trog.
Trog was aware of your devotion.
You visited 1 branch of the dungeon, and saw 3 of its levels.

You collected 123 gold pieces.

Inventory:

Hand Weapons
 a - a +0 mace
 j - a +0 hunting sling
 l - a +0 long sword (weapon)
Missiles
 e - 51 stones (quivered)
Armour
 b - a +0 animal skin
 g - a +0 chain mail (worn)
 n - a +0 leather armour of fire resistance
Magical Staves
 d - a staff of fire
Jewellery
 f - an amulet of reflection (around neck)
 i - an amulet of faith
Scrolls
 h - a scroll of teleportation {unknown}
 k - a scroll of amnesia {unknown}
 m - a scroll of identify {unknown}
Potions
 c - a potion of curing {unknown}
 o - a potion of attraction {unknown}
 p - a potion of heal wounds {unknown}
 q - a potion of flight {unknown}


   Skills:
 + Level 3.5 Fighting
 + Level 3.3 Maces & Flails
 + Level 1.8 Armour
 + Level 1.7 Dodging
 + Level 0.1 Stealth


You had one spell level left.
You didn't know any spells.
Your spell library contained the following spells:

 Spells                   Type           Power      Damage    Failure   Level
 Pain                     Necr           0%         1d4       99%         1
 Agony                    Necr           0%         N/A       100%        5
 Excruciating Wounds      Necr           0%         N/A       100%        5


Dungeon Overview and Level Annotations

Branches:
Dungeon (3/15)

Altars:
Qazlal
Beogh


Innate Abilities, Weirdness & Mutations

You are completely covered in rugged brown scales. (AC +3, +7% HP)
You have supernaturally acute eyesight. (SInv)
Armour fits poorly on your strangely shaped body.
You can roll at nearby foes to attack.
You have a long armoured tail.


Message History

The dart slug launches a dart at you.
The slug dart hits you but does no damage.
You see here an amethyst potion.
Found a robe.
You open the door. The dart slug barely misses you.
You slash the dart slug! You tail-slap the dart slug.
You kill the dart slug!
Trog accepts your kill.
p - an amethyst potion
Found 12 gold pieces.
You now have 123 gold pieces (gained 12).
Found a book of Pain.
You see here a book of Pain.
You pick up a book of Pain and begin reading...
You add the spells Pain, Agony and Excruciating Wounds to your library.
Found a smoky emerald potion.
q - a smoky emerald potion
There is a stone staircase leading down here.
You climb downwards.
There is a stone staircase leading up here.
There is a stone staircase leading up here.
Found a stone staircase leading down.
You open the door. 3 orcs and 2 orc priests come into view.
The orc priest shouts!
The orc shouts! x3; The orc priest shouts!
Found 64 gold pieces.
Found a roughly hewn altar of Beogh.
The orc priest looks encouraged for a moment.
The orc priest looks encouraged for a moment.
The orc priest mumbles some strange prayers to Beogh against you.
Beogh smites you!
Ouch! That really hurt!
You barely miss the orc. The orc barely misses you.
You completely miss the orc.
Your tail-slap misses the orc.
The orc closely misses you. The orc hits you with a +0 mace.
* * * LOW HITPOINT WARNING * * *
The orc priest calls down the wrath of Beogh upon you.
Beogh smites you!
Ouch! That really hurt!
You die...

########
##......##
##....@...##
#.....o....#
#.....o....###
#....oo.......
#....o.....###
#..........######
##........#.....#
#.................
#................#


You could see 2 orc priests and 3 orcs.

Vanquished Creatures
  An adder (D:2)
  A dart slug (D:2)
  2 endoplasms
  2 giant cockroaches
  2 goblins
  3 ball pythons (D:2)
  2 frilled lizards (D:1)
  A kobold (D:1)
  4 rats
18 creatures vanquished.

Notes
Turn   | Place    | Note
-------+----------+-------------------------------------------
     0 | D:1      | jessy the Palentonga Berserker began the quest for the Orb.
     0 | D:1      | Reached XP level 1. HP: 19/19 MP: 1/1
   181 | D:1      | Upgraded the game from 0.28-a0-863-g8cecda6153 to
                  | 0.28-a0-895-g6e5f11bd55
   398 | D:1      | Found a faded altar of an unknown god.
  1260 | D:2      | Reached XP level 2. HP: 25/25 MP: 2/2
  1517 | D:2      | Found a stormy altar of Qazlal.
  2021 | D:3      | Killed from afar by an orc priest

Illustrated notes

Levels and vault maps discovered:
D:1:      dpeg_arrival_houses_and_road, layout_loops_corners,
          shapermc_ecumenical_altar_petra
D:2:      layout_basic, basic_altar, minmay_unequal
D:3:      layout_rooms, kennysheep_orc_chapel

Action                   || total
-------------------------++-------
Melee: Mace              ||    28
       Long sword        ||     7
       Tailslap          ||     1
Armor: Animal skin       ||     4
       Chain mail        ||    16
Dodge: Dodged            ||    13
Block: Other             ||     7
       Reflection        ||     2

Table legend: (Time is in decaauts)
 A = Elapsed time spent in this place.
 B = Non-inter-level travel time spent in this place.
 C = Inter-level travel time spent in this place.
 D = Time resting spent in this place.
 E = Time spent auto-exploring this place.
 F = Levels seen in this place.
 G = Mean time per level.
                   A        B        C        D        E       F      G
               +--------+--------+--------+--------+--------+-----+--------+
         Total |   2029 |   2027 |      2 |      0 |      0 |   3 |  676.3 |
       Dungeon |   2029 |   2027 |      2 |      0 |      0 |   3 |  676.3 |
               +--------+--------+--------+--------+--------+-----+--------+

Top non-repeatable levels by time:
     D:1: 1222 daAuts
     D:2: 745 daAuts
     D:3: 61 daAuts
